 Dungeon Crawl Stone Soup version bcrawl-1.40 (webtiles) character file.

Game seed: 9413106547823791588

10172875 zoran the Pulveriser (level 27, 222/222 HPs)
             Began as a Gnoll Skald on Oct 15, 2023.
             Was the Champion of Elyvilon.
             Escaped with the Orb
             ... and 3 runes on Oct 18, 2023!
             The game lasted 06:39:26 (97064 turns).

zoran the Pulveriser (Gnoll Skald)                 Turns: 97064, Time: 06:39:27

Health: 222/222    AC: 30    Str: 19    XL:     27
Magic:  46/46      EV: 23    Int: 25    God:    Elyvilon [******]
Gold:   820        SH: 19    Dex: 19    Spells: 5/64 levels left

rFire    + + .     GDR:     43% q - +5 double sword (slice)
rCold    . . .     SeeInvis +   N - +1 buckler {reflect}
rNeg     + . .     Gourm    .   U - +7 fire dragon scales
rPois    +         Faith    +   m - -2 hat of the Alchemist {rElec rPois rF+ rC+ rN+ MR+ rMut rCorr}
rElec    +         Spirit   .   J - +2 cloak {MR+}
rCorr    +         Reflect  +   i - +1 pair of gloves {archery}
rMut     +                      y - +2 pair of boots of the Assassin {Detection Stab+ Stlth++}
MR       +++++                  M - amulet of faith
Stlth    +++.......             w - ring of see invisible
HPRegen  0.47/turn              F - ring "Zeuthrann" {Wiz rF- MR+ Str+3 Int+3}
MPRegen  0.30/turn

@: studying 2 skills, deflect missiles
A: distributed training, fangs 1, magic resistance 1, strong nose
0: Orb of Zot
}: 3/15 runes: decaying, slimy, gossamer
a: Lesser Healing, Heal Other, Purification, Greater Healing, Divine Vigour,
Divine Protection, Renounce Religion


You escaped.
You worshipped Elyvilon.
Elyvilon was exalted by your worship.
You were not hungry.

You visited 11 branches of the dungeon, and saw 47 of its levels.
You visited the Abyss 1 time.
You also visited: Trove, Sewer, Ice Cave and Volcano.

You collected 6456 gold pieces.
You spent 5636 gold pieces at shops.

Inventory:

Hand Weapons
 a - a +3 double sword of holy wrath
 o - a +8 blowgun
 q - a +5 double sword of slicing (weapon)
Missiles
 C - 5 throwing nets (quivered) {=f}
 Q - 57 curare-tipped needles
Armour
 i - a +1 pair of gloves of archery (worn)
 m - the -2 hat of the Alchemist (worn) {rElec rPois rF+ rC+ rN+ MR+ rMut rCorr}
   (You bought it in a shop in the Orcish Mines)

   It protects you from fire.
   It protects you from cold.
   It insulates you from electricity.
   It protects you from poison.
   It protects you from negative energy.
   It affects your resistance to hostile enchantments.
   It provides partial protection from all sources of acid and corrosion.
   It protects you from mutation.
 y - the +2 pair of boots of the Assassin (worn) {Detection Stab+ Stlth++}
   (You acquired it on level 10 of the Dungeon)

   It makes you much more stealthy.
 J - a +2 cloak of magic resistance (worn)
 N - a +1 buckler of reflection (worn)
 U - +7 fire dragon scales (worn)
Jewellery
 w - a ring of see invisible (left hand)
 F - the ring "Zeuthrann" (right hand) {Wiz rF- MR+ Str+3 Int+3}
   (You found it on level 5 of the Pits of Slime)

   [ring of wizardry]

   It improves your spell success rate.
   It affects your strength (+3).
   It affects your intelligence (+3).
   It makes you vulnerable to fire.
   It affects your resistance to hostile enchantments.
 M - an amulet of faith (around neck)
 O - an uncursed ring of protection from cold
Wands
 d - a wand of charming (5)
 j - a wand of clouds (10)
 D - a wand of scattershot (6)
 L - a wand of digging (24)
 S - a wand of polymorph (17)
 V - a wand of iceblast (26)
 Y - a wand of paralysis (19)
Scrolls
 f - 12 scrolls of fear
 g - 20 scrolls of remove curse
 k - 14 scrolls of blinking
 l - a scroll of immolation
 n - 9 scrolls of teleportation
 u - 3 scrolls of fog
 x - a scroll of summoning
 E - a scroll of silence
Potions
 b - 2 potions of agility
 h - 4 potions of flight
 r - 2 potions of haste
 s - 10 potions of curing
 v - 12 potions of heal wounds
 z - 2 potions of cancellation
 A - 2 potions of invisibility
 B - 6 potions of brilliance
 G - 9 potions of mutation
 H - 5 potions of ambrosia
 I - a potion of resistance
 R - 6 potions of lignification
 T - 4 potions of magic
Miscellaneous
 p - 3 boxes of beasts
 t - a lamp of fire
 K - a fan of gales (2/2)
 P - a sack of spiders (inert)
 W - 3 phantom mirrors
 X - a phial of floods (inert)
 Z - a lightning rod (4/4)
Comestibles
 e - 13 rations {!d}


   Skills:
 + Level 19.2 Fighting
 + Level 18.8 Short Blades
 + Level 18.8 Long Blades
 + Level 19.2 Axes
 + Level 18.8 Maces & Flails
 + Level 18.8 Polearms
 + Level 21.6 Staves
 + Level 18.8 Slings
 + Level 18.8 Bows
 + Level 21.3 Crossbows
 + Level 18.8 Throwing
 + Level 18.9 Armour
 + Level 19.2 Dodging
 + Level 18.8 Stealth
 + Level 18.8 Shields
 + Level 18.8 Unarmed Combat
 + Level 19.2 Spellcasting
 + Level 16.2 Conjurations
 + Level 16.2 Hexes
 + Level 16.9 Charms
 + Level 16.2 Summonings
 + Level 16.2 Necromancy
 + Level 16.2 Translocations
 + Level 16.2 Transmutations
 + Level 16.2 Fire Magic
 + Level 16.2 Ice Magic
 + Level 16.2 Air Magic
 + Level 16.2 Earth Magic
 + Level 16.2 Poison Magic
 + Level 20.2 Invocations
 + Level 18.8 Evocations


You had 5 spell levels left.
You knew the following spells:

 Your Spells              Type           Power        Failure   Level  Hunger
b - Apportation           Tloc           ######       0%          1    None
d - Statue Form           Tmut/Erth      #######..    1%          6    None
e - Metabolic Englaciati  Hex/Ice        #######...   1%          5    None
i - Iron Shot             Conj/Erth      #######...   1%          6    None
n - Deflect Missiles      Chrm/Air       #######...   1%          6    None
o - Orb of Destruction    Conj           #######...   2%          7    ##.....
q - Lee's Rapid Deconstr  Erth           #######...   1%          5    None
s - Swiftness             Chrm/Air       #######.     0%          2    None
t - Irradiate             Conj/Tmut      #######...   1%          5    None
w - Ignition              Hex/Fire       #######...   21%         8    ####...
x - Spectral Weapon       Hex/Chrm       #######.     0%          3    None
z - Bolt of Magma         Conj/Fire/Erth #######...   1%          5    None

Your spell library contained the following spells:

 Spells                   Type           Power        Failure   Level  Hunger
 Beastly Appendage        Tmut           ######       0%          1    None
 Corona                   Hex            #######      0%          1    None
 Freeze                   Ice            ######       0%          1    None
 Infusion                 Chrm           #######.     0%          1    None
 Magic Dart               Conj           ####         0%          1    None
 Sandblast                Erth           ######       0%          1    None
 Slow                     Hex            #######.     0%          1    None
 Static Discharge         Air            ######       0%          1    None
 Sting                    Conj/Pois      ####         0%          1    None
 Summon Butterflies       Summ           #######.     0%          1    None
 Summon Small Mammal      Summ           ####         0%          1    None
 Call Imp                 Summ           ######       0%          2    None
 Ensorcelled Hibernation  Hex/Ice        ######       0%          2    None
 Passwall                 Tmut/Erth      #######.     0%          2    None
 Poisonous Vapours        Pois/Air       ######       0%          2    None
 Searing Ray              Conj           #######.     0%          2    None
 Shackle                  Hex            #######.     0%          2    None
 Shock                    Conj/Air       #######      0%          2    None
 Song of Slaying          Chrm           #######.     0%          2    None
 Throw Frost              Conj/Ice       ######       0%          2    None
 Call Canine Familiar     Summ           #######.     0%          3    None
 Confuse                  Hex            #######.     0%          3    None
 Dazzling Orbs            Conj/Hex       #######      0%          3    None
 False Image              Hex/Summ       #######.     0%          3    None
 Ignite Poison            Fire/Tmut/Pois #######.     0%          3    None
 Inner Flame              Hex/Fire       N/A          0%          3    None
 Iskenderun's Mystic Bla  Conj           #######.     0%          3    None
 Mephitic Cloud           Conj/Pois/Air  #######.     0%          3    None
 Ozocubu's Armour         Chrm/Ice       #######.     0%          3    None
 Regeneration             Chrm/Necr      #######...   0%          3    None
 Stone Arrow              Conj/Erth      ######       0%          3    None
 Tukima's Dance           Hex            #######.     0%          3    None
 Cause Fear               Hex            #######...   1%          4    None
 Fulminant Prism          Conj/Hex       #######...   1%          4    None
 Ice Form                 Ice/Tmut       #######.     1%          4    None
 Lightning Bolt           Conj/Air       #######.     1%          4    None
 Olgreb's Toxic Radiance  Pois           #######..    1%          4    None
 Petrify                  Tmut/Erth      #######...   1%          4    None
 Sticky Flame             Conj/Fire      #######.     1%          4    None
 Summon Ice Beast         Ice/Summ       #######.     1%          4    None
 Summon Scorpions         Summ/Pois      #######.     1%          4    None
 Throw Icicle             Conj/Ice       #######.     1%          4    None
 Tree Form                Hex/Tmut       N/A          1%          4    None
 Yara's Violent Unravell  Hex/Tmut       #######...   1%          4    None
 Blade Hands              Tmut           #######...   1%          5    None
 Bolt of Draining         Conj/Necr      #######...   1%          5    None
 Freezing Cloud           Ice/Air        #######.     1%          5    None
 Iskenderun's Battlesphe  Conj/Chrm      #######.     1%          5    None
 Piercing Shot            Chrm           #######...   1%          5    None
 Silence                  Hex/Air        #######...   1%          5    None
 Steam Barrier            Chrm/Fire      #######...   1%          5    None
 Summon Lightning Spire   Summ/Air       #######.     1%          5    None
 Summon Mana Viper        Hex/Summ       #######.     1%          5    None
 Venom Bolt               Conj/Pois      #######...   1%          5    None
 Bolt of Cold             Conj/Ice       #######...   1%          6    None
 Borgnjor's Vile Clutch   Necr/Erth      #######...   1%          6    None
 Conjure Ball Lightning   Conj/Air       #######...   1%          6    None
 Darkness                 Hex            #######...   1%          6    None
 Infestation              Hex/Tmut/Pois  #######..    1%          6    None
 Poison Arrow             Conj/Pois      #######...   1%          6    None
 Simulacrum               Ice/Necr       #######.     1%          6    None
 Summon Hydra             Summ           #######...   1%          6    None
 Discord                  Hex            #######...   2%          7    ##.....
 Dragon Form              Tmut           #######      2%          7    ##.....
 Mana Rupture             Conj/Hex       #######...   2%          7    ##.....
 Monstrous Menagerie      Summ           #######...   2%          7    ##.....
 Scorpion Form            Tmut/Pois      #######...   2%          7    ##.....
 Spellforged Servitor     Conj/Summ      #######...   2%          7    ##.....
 Time Stop                Chrm/Tloc      N/A          17%         8    ####...
 Chain Lightning          Conj/Air       #######...   21%         8    ####...
 Necromutation            Tmut/Necr      #######.     21%         8    ####...
 Tornado                  Tloc/Air       #######...   21%         8    ####...
 Dragon's Call            Summ           #######...   95%         9    ######.
 Shatter                  Erth           #######...   95%         9    ######.


Dungeon Overview and Level Annotations

Branches:
Dungeon (12/12)            Temple (0/1) D:7            Lair (6/6) D:8
  Swamp (3/3) Lair:4       Spider (3/3) Lair:3        Slime (5/5) Orc
    Orc (1/1) D:8             Elf (3/3) Lair:5       Vaults (2/3) D:12
  Crypt (2/2) Vaults:1       Tomb (0/3) Crypt:2      Depths (5/5) D:12
    Zot (5/5) Depths:5

Altars:
Ashenzari
Elyvilon
Gozag
Hepliaklqana
Makhleb
Uskayaw
Wu Jian
Xom
Yredelemnul
Zin
The Shining One
Jiyva

Shops:
D:4 :*   D:5 (   D:10 %?(*   D:11 !   Orc [!?}[[}   Vaults:2 !:%[*   Zot:5 *
Depths:1 *

Portals:
Hell: Depths:1 Depths:2 Depths:3 Depths:4 Depths:5
Abyss: Depths:2 Depths:3 Depths:4 Depths:5
Pandemonium: Orc Depths:2 Depths:3
Ziggurat: Depths:3

Annotations:
Spider:1 exclusion: orange crystal statue
Spider:3 !
Crypt:2 exclusion: greater mummy, Khufu
Zot:1 7 runed doors
Zot:3 3 runed translucent doors, Kyjalyob's ghost, legendary DsBe
Zot:5 3 runed translucent doors, exclusion: obsidian statue, quik's ghost, veteran TrMo


Innate Abilities, Weirdness & Mutations

Your experience applies equally to all skills.
You have very sharp teeth.
Your uncanny sense of smell can sniff out nearby items.
You are resistant to hostile enchantments. (MR+)


Message History

There is a stone staircase leading up here.
You climb upwards.
There is a stone staircase leading down here.
HP restored.
There is a stone staircase leading up here.
You climb upwards.
There is a stone staircase leading down here.
HP restored.
There is a stone staircase leading up here.
You climb upwards.
There is a stone staircase leading down here.
There is an open door here.
There is a staircase leading out of the dungeon here.
There is a staircase leading out of the dungeon here.
Wield which item (- for none, * to show all)? (? for menu, Esc to quit)
Your +3 double sword of holy wrath stops glowing.
q - a +5 double sword of slicing (weapon)
You can't go down here!
The power of the Orb breaks the dimensional shunt like a soap bubble!
You have escaped!

..##.[....###.......###......##
'##....###.............###....#
.##...#......#######......#...##
.#...#.....### ###.....#...#
.....#....## ##....#...#
.#...#....## ##....#...#
.#...#.....### ###.....#...#
.##...#......#######.(..).#...##
..#....###......@......###....#
#.##......###.......###......##
#..###.......#######.......###
#....#####.............#####
...#.....########################
....####.........................
..#+###..........................
.................................
.................................


There were no monsters in sight!

Vanquished Creatures
  3 juggernauts
  6 orbs of fire
  9 ancient liches
  3 Killer Klowns
  4 golden dragons
  Saint Roka (Depths:4)
  The ghost of eruonna the Slayer, a veteran HOBe of Trog (Vaults:2)
  2 curse toes
  5 rockslimes
  Gastronok (D:8)
  2 bone dragons
  3 Orb Demons
  A Brimstone Fiend (Depths:2)
  4 electric golems
  6 liches
  31 Orb Guardians
  A Hell Sentinel (Zot:3)
  15 tentacled monstrosities
  2 wendigos (Depths:3)
  A titan (Depths:3)
  3 deep elf blademasters
  5 quicksilver dragons
  23 acid blobs
  7 death cobs
  2 ancient champions
  3 sphinxes
  2 thorn hunters (Depths:4)
  12 storm dragons
  Kirke (Swamp:3)
  3 ghouls
  4 shadow dragons
  A greenwood witch (Zot:5)
  Agnes (Elf:2)
  6 draconian monks
  Roxanne (Spider:2)
  6 revenants
  7 draconian knights
  10 frost giants
  A balrug (Depths:3)
  7 azure jellies
  6 deep elf sorcerers
  2 orc warlords (Vaults:1)
  2 cacodemons
  6 fire giants
  7 ghost moths
  4 vault wardens
  3 emperor scorpions (Spider:3)
  A deep elf elementalist (Elf:3)
  A curse skull (Crypt:1)
  16 stone giants
  4 spriggan defenders
  5 draconian stormcallers
  11 very ugly things
  11 jiangshi
  2 reapers
  6 ironheart preservers
  A draconian annihilator (Zot:2)
  6 draconian scorchers
  2 eyes of devastation
  8 vampire knights
  9 white draconians
  3 dire elephants
  9 black draconians
  8 purple draconians
  10 green draconians
  4 deep elf annihilators (Elf:3)
  6 deep elf demonologists
  10 yellow draconians
  6 deep elf death magi
  20 red draconians
  2 spark wasps (Depths:1)
  4 blizzard demons
  A mummy priest (Crypt:1)
  5 eidola (Crypt:1)
  Snorg (Lair:3)
  A merfolk javelineer (Depths:2)
  9 yaktaur captains
  8 ettins
  An ettin (shapeshifter) (Depths:3)
  A crystal guardian (Vaults:2)
  A merfolk impaler (Depths:3)
  A quicksilver dragon zombie (Crypt:1)
  9 fire dragons
  Josephine (Lair:5)
  4 rakshasas
  12 ice dragons
  2 deep elf high priests (Elf:3)
  A vault guard (Vaults:2)
  7 hydras
  A catoblepas (Zot:2)
  3 ghost crabs (Swamp:3)
  2 ogre magi (Vaults:1)
  11 great orbs of eyes
  5 death oozes (Slime:5)
  3 spriggan air magi
  A shadow wraith (Vaults:2)
  2 death knights
  A two-headed ogre (shapeshifter) (Depths:5)
  2 alligator snapping turtles
  6 tengu warriors
  27 dancing weapons
  6 alligators
  4 deep troll earth magi
  4 deep troll shamans
  13 two-headed ogres
  Sonja (Lair:2)
  9 vampire magi
  A death yak (Lair:6)
  10 ancient automatons
  Nergalle (Lair:4)
  2 hell hogs (Depths:1)
  2 thrashing horrors (Abyss:2)
  An ironheart beastmaster (Vaults:2)
  10 orc high priests (Orc)
  A sun demon (Depths:2)
  A storm dragon zombie (Crypt:2)
  16 deep trolls
  9 spriggan berserkers
  4 soul eaters
  17 deep elf knights
  2 wretched stars (Abyss:2)
  32 centaur warriors
  19 hell knights
  A sixfirhy (Zot:2)
  18 skeletal warriors
  2 death drakes
  A glowing orange brain (Slime:3)
  2 spriggan druids
  An anaconda zombie (Crypt:2)
  A torturous demonspawn (Orc)
  4 gelid demonspawn
  An orange crystal statue (Zot:5)
  2 starcursed masses (Abyss:2)
  4 spectral hydras (Swamp:3)
  An iron troll (Depths:3)
  4 flayed ghosts
  A shadow dragon zombie (Crypt:1)
  A shadow demon (Abyss:2)
  4 swamp dragons
  18 wizards
  A wolf spider zombie (D:10)
  6 phantasmal warriors
  18 deep elf archers
  A cyclops (shapeshifter) (Depths:3)
  2 orc knights
  11 orb spiders
  3 ironheart convokers (Vaults:1)
  2 cyclopes
  A fire giant zombie (Crypt:1)
  6 oklob plants
  An orb spider (shapeshifter) (Elf:2)
  51 deep elf magi
  18 wolf spiders
  4 necromancers
  5 orc sorcerers
  51 ugly things
  2 manticores
  8 shining eyes
  An apocalypse crab (Abyss:2)
  14 elephants
  A smoke demon (Depths:2)
  24 moths of wrath
  18 will-o'-wisps
  10 vault sentinels
  2 black mambas (Lair:4)
  18 cane toads
  5 ice statues
  3 orange demons
  11 demonic crawlers
  A gargoyle (D:12)
  3 molten gargoyles (Depths:4)
  3 torpor snails
  7 komodo dragons
  4 freezing wraiths
  A kobold demonologist (D:7)
  39 yaktaurs
  A green draconian zombie (Crypt:1)
  3 anaconda simulacra (IceCv)
  2 rime drakes
  2 efreet
  20 jumping spiders
  A hellwing (Depths:5)
  A flying skull (Crypt:2)
  2 eyes of draining
  14 ice devils
  3 swamp worm zombies (Swamp:3)
  2 tengu conjurers (Elf:1)
  3 ancient zymes (Abyss:2)
  3 trolls
  2 hydra zombies (Swamp:3)
  3 red devils
  A queen ant zombie (Crypt:1)
  A guardian mummy (D:12)
  3 meliai (Lair:5)
  2 polar bears (Lair:5)
  A queen bee (shapeshifter) (Depths:3)
  A polar bear (shapeshifter) (Vaults:2)
  8 hornets
  Prince Ribbit (D:6)
  A death drake skeleton (Crypt:2)
  3 wind drakes (Depths:4)
  10 bog bodies
  A snapping turtle (shapeshifter) (Depths:2)
  2 harpy skeletons
  8 tyrant leeches
  33 blink frogs
  5 dream sheep
  91 slime creatures
  2 spectral swamp dragons (Swamp:3)
  11 hippogriffs
  A hippogriff (shapeshifter) (Depths:5)
  A tarantella zombie (Crypt:2)
  3 alligator zombies (Swamp:3)
  16 spriggans
  Sigmund (D:3)
  6 air elementals
  An alligator skeleton (Crypt:2)
  2 shadows
  20 tarantellas
  2 ynoxinuls
  11 wraiths
  5 vampires
  A hog (shapeshifter) (Vaults:1)
  A tarantella (shapeshifter) (Depths:1)
  A yak (shapeshifter) (Vaults:1)
  A fire dragon skeleton (Crypt:2)
  9 fire elementals
  A human (shapeshifter) (Depths:1)
  A basilisk (shapeshifter) (Elf:1)
  2 fire bats (shapeshifter) (Depths:3)
  10 water elementals
  A wind drake zombie (Crypt:2)
  2 wyverns
  29 yaks
  A hungry ghost (D:8)
  Eustachio (D:5)
  3 dire elephant simulacra (IceCv)
  An ettin skeleton (Crypt:2)
  12 vampire mosquitoes
  A neqoxec (Depths:3)
  5 basilisks
  15 golden eyes
  3 chaos spawn
  Menkaure (D:5)
  A harpy simulacrum (IceCv)
  45 redbacks
  An iron troll simulacrum (IceCv)
  10 swamp worms
  5 large abominations
  2 wargs (Orc)
  2 hydra simulacra (IceCv)
  Edmund (D:5)
  4 acid dragons
  6 water moccasins
  7 hell hounds (Depths:1)
  9 crocodiles
  Duvessa (D:5)
  10 porcupines
  A black bear (D:8)
  2 floating eyes
  3 swamp drakes
  33 orc warriors
  3 swamp dragon zombies (Swamp:3)
  An ettin simulacrum (Vaults:1)
  A sky beast (D:2)
  6 necrophages
  10 ogres
  7 phantoms
  An elephant skeleton (Crypt:1)
  11 boggarts
  4 wolves
  23 bullfrogs
  4 kobold brigands
  A rime drake zombie (Crypt:2)
  An elf zombie (D:7)
  A rime drake skeleton (D:10)
  7 small abominations (Abyss:2)
  A yaktaur skeleton (Crypt:1)
  10 earth elementals
  A water moccasin zombie (D:8)
  5 centaurs
  A queen bee zombie (Crypt:1)
  Dowan (D:5)
  A water moccasin skeleton (D:10)
  6 scorpions
  A raiju skeleton (Crypt:1)
  6 wights
  58 killer bees
  A spriggan skeleton (Crypt:2)
  26 orc priests
  7 crimson imps
  3 howler monkeys
  A jelly (D:5)
  11 hounds
  2 bullfrog zombies
  A quasit (Abyss:2)
  2 human zombies (D:7)
  14 orc wizards
  4 bullfrog skeletons
  A human skeleton (Abyss:2)
  Jessica (D:3)
  3 iguanas
  6 worker ants
  A felid zombie (Crypt:2)
  2 hound skeletons
  4 mummies (D:7)
  A worker ant zombie (D:8)
  A swamp drake zombie (Swamp:3)
  2 gnolls (D:5)
  18 adders
  2 shadow imps
  2 white imps (Abyss:2)
  7 oozes (Sewer)
  An iguana zombie (Crypt:1)
  4 adder skeletons
  An adder zombie (D:5)
  2 worms (D:4)
  2 barachi skeletons (Crypt:1)
  A dart slug (D:2)
  12 leopard geckos
  64 orcs
  4 ball pythons
  16 giant cockroaches
  6 goblins
  7 hobgoblins
  5 jackals
  17 kobolds
  6 quokkas
  3 bats
  11 frilled lizards
  2 orc zombies (D:7)
  A quokka skeleton (D:3)
  2 rats
  4 briar patches (Depths:4)
  3 fire vortices (Depths:4)
  2 fungi (Lair:5)
  9 plants
2158 creatures vanquished.

Vanquished Creatures (collateral kills)
  An orb of fire (Zot:2)
  An Orb Demon (Zot:3)
  A tentacled monstrosity (Zot:2)
  An Orb Guardian (Zot:5)
  A wendigo (Depths:4)
  Asterion (Spider:3)
  3 acid blobs
  A quicksilver dragon (Zot:1)
  An ancient champion (Crypt:2)
  2 vault wardens
  2 deep elf sorcerers (Elf:3)
  2 deep elf elementalists (Elf:3)
  2 very ugly things
  A red draconian (Zot:3)
  A dire elephant (Vaults:2)
  A black draconian (Zot:3)
  3 deep elf annihilators (Elf:3)
  A deep elf death mage (Elf:3)
  A deep elf high priest (Elf:3)
  A vault guard (Vaults:2)
  2 hydras (Swamp:2)
  A death ooze (Slime:5)
  A two-headed ogre (Vaults:1)
  3 ice dragons
  A great orb of eyes (Slime:5)
  A death knight (Crypt:1)
  An alligator (Swamp:2)
  A deep troll earth mage (Depths:2)
  6 deep elf knights
  2 centaur warriors (Vaults:1)
  A deep troll (Depths:2)
  A skeletal warrior (Crypt:2)
  A deep elf archer (Elf:1)
  A swamp dragon (Swamp:2)
  A glowing orange brain (Slime:5)
  A phantasmal warrior (Crypt:1)
  2 cyclopes
  5 wolf spiders (Spider:1)
  An ironheart convoker (Vaults:2)
  A necromancer (Depths:4)
  An orb spider (Spider:3)
  3 ugly things
  5 deep elf magi
  2 shining eyes
  A moth of wrath (shapeshifter) (Elf:2)
  A cane toad (Swamp:1)
  7 jumping spiders
  A demonic crawler (Spider:1)
  4 ice devils (IceCv)
  A yaktaur (Vaults:1)
  A hydra zombie (Swamp:3)
  A hornet (Spider:2)
  2 bog bodies
  16 slime creatures
  4 tarantellas
  2 hogs (Swamp:3)
  2 yaks
  2 golden eyes (Slime:2)
  8 redbacks
  A merfolk zombie (Crypt:1)
  A vampire mosquito (Lair:4)
  An acid dragon (D:11)
  A swamp worm (Swamp:3)
  An orc warrior (Vaults:1)
  A floating eye (Slime:3)
  A swamp drake (Swamp:3)
  A swamp dragon zombie (Swamp:3)
  A wight (D:6)
  A crimson imp (D:5)
  An orc wizard (D:6)
  A worker ant (Spider:3)
  A gnoll (D:5)
  A swamp drake zombie (Swamp:3)
  An orc (D:6)
141 creatures vanquished.

Vanquished Creatures (others)
  the Royal Jelly (Slime:5)
  2 golden dragons (Zot:3)
  A quicksilver dragon (Zot:3)
  A deep elf master archer (Elf:3)
  4 acid blobs (Slime:5)
  A death cob (Zot:3)
  A shadow dragon (Zot:3)
  A tengu reaver (Depths:2)
  A storm dragon (Zot:3)
  A draconian knight (Zot:3)
  A draconian monk (Zot:3)
  4 azure jellies (Slime:5)
  2 frost giants
  2 fire giants
  2 emperor scorpions
  A draconian scorcher (Zot:3)
  A spriggan defender (Depths:4)
  3 stone giants
  A deep elf demonologist (Elf:3)
  3 black draconians (Zot:3)
  2 white draconians (Zot:3)
  A green draconian (Zot:3)
  A purple draconian (Zot:3)
  A deep elf death mage (Elf:3)
  A fire dragon (Zot:3)
  An ice dragon (Zot:3)
  An ogre mage (D:12)
  A dancing weapon (Elf:2)
  2 death oozes (Slime:5)
  2 hell hogs
  A thrashing horror (Abyss:2)
  A death yak (Lair:6)
  A vampire mage (Depths:2)
  2 centaur warriors (D:12)
  A sixfirhy (Orc)
  An unseen horror (D:12)
  A deep elf mage (Elf:1)
  An orc knight (Orc)
  A wolf spider (Spider:2)
  2 ugly things (Vaults:1)
  4 moths of wrath (Zot:3)
  A jumping spider (Spider:3)
  4 cane toads (Lair:6)
  5 yaktaurs
  A rime drake (Lair:3)
  A wandering mushroom (Swamp:3)
  A warg (Orc)
  A slime creature (Slime:1)
  2 tarantellas
  A human (Swamp:3)
  8 yaks
  A vampire mosquito (Lair:6)
  A redback (Spider:1)
  A porcupine (D:8)
  6 orc warriors
  A phantom (D:8)
  A gnoll sergeant (D:12)
  5 centaurs (D:12)
  A wight (D:6)
  3 orc priests (Orc)
  An orc wizard (D:8)
  6 gnolls
  A leopard gecko (D:6)
  5 orcs
  58 fungi
  100 plants
  78 spectral weapons
357 creatures vanquished.

Grand Total: 2656 creatures vanquished

Notes
Turn   | Place    | Note
-------+----------+-------------------------------------------
     0 | D:1      | zoran the Gnoll Skald began the quest for the Orb.
     0 | D:1      | Reached XP level 1. HP: 20/20 MP: 6/6
   626 | D:2      | Reached XP level 2. HP: 21/26 MP: 3/7
   789 | D:2      | Noticed a sky beast
   918 | D:2      | Killed a sky beast
   919 | D:2      | Reached skill level 1 in Short Blades
   919 | D:2      | Reached skill level 1 in Long Blades
   919 | D:2      | Reached skill level 1 in Maces & Flails
   919 | D:2      | Reached skill level 1 in Polearms
   919 | D:2      | Reached skill level 1 in Staves
   919 | D:2      | Reached skill level 1 in Slings
   919 | D:2      | Reached skill level 1 in Bows
   919 | D:2      | Reached skill level 1 in Crossbows
   919 | D:2      | Reached skill level 1 in Throwing
   919 | D:2      | Reached skill level 1 in Stealth
   919 | D:2      | Reached skill level 1 in Shields
   919 | D:2      | Reached skill level 1 in Unarmed Combat
   919 | D:2      | Reached skill level 5 in Spellcasting
   919 | D:2      | Reached skill level 1 in Conjurations
   919 | D:2      | Reached skill level 1 in Hexes
   919 | D:2      | Reached skill level 1 in Summonings
   919 | D:2      | Reached skill level 1 in Necromancy
   919 | D:2      | Reached skill level 1 in Translocations
   919 | D:2      | Reached skill level 1 in Transmutations
   919 | D:2      | Reached skill level 1 in Fire Magic
   919 | D:2      | Reached skill level 1 in Ice Magic
   919 | D:2      | Reached skill level 1 in Air Magic
   919 | D:2      | Reached skill level 1 in Earth Magic
   919 | D:2      | Reached skill level 1 in Poison Magic
   919 | D:2      | Reached skill level 1 in Invocations
   919 | D:2      | Reached skill level 1 in Evocations
   919 | D:2      | Reached XP level 3. HP: 31/31 MP: 7/9
   919 | D:2      | Reached XP level 4. HP: 38/38 MP: 8/11
  1213 | D:2      | Reached XP level 5. HP: 43/43 MP: 12/12
  1325 | D:3      | Found a white marble altar of Elyvilon.
  1339 | D:3      | Became a worshipper of Elyvilon the Healer
  1420 | D:3      | Found a hide-covered altar of Uskayaw.
  1423 | D:3      | Found a hazy altar of Hepliaklqana.
  1450 | D:3      | Noticed Sigmund
  1460 | D:3      | Killed Sigmund
  1461 | D:3      | Reached XP level 6. HP: 32/50 MP: 14/14
  1526 | D:3      | Reached skill level 5 in Fighting
  1526 | D:3      | Reached skill level 5 in Axes
  1526 | D:3      | Reached skill level 5 in Dodging
  1671 | D:3      | Noticed Jessica
  1673 | D:3      | Killed Jessica
  2034 | D:3      | Learned a level 2 spell: Song of Slaying
  2037 | D:3      | Learned a level 2 spell: Swiftness
  2263 | D:4      | Reached * piety under Elyvilon
  2277 | D:4      | Found a glowing drain.
  2295 | Sewer    | Entered a sewer
  2414 | Sewer    | Reached XP level 7. HP: 56/56 MP: 9/15
  2846 | D:4      | Found Ruep's Book Shop.
  3183 | D:4      | Found Xiarphukk's General Store.
  3191 | D:4      | Bought a scroll of identify for 28 gold pieces
  3191 | D:4      | Bought a potion of lignification for 42 gold pieces
  3191 | D:4      | Bought a scroll of amnesia for 49 gold pieces
  3216 | D:4      | Reached XP level 8. HP: 54/63 MP: 10/16
  3220 | D:4      | Learned a level 3 spell: Ozocubu's Armour
  3274 | D:4      | Found a shimmering altar of Xom.
  3275 | D:4      | Found a burning altar of Makhleb.
  3337 | D:5      | Entered Level 5 of the Dungeon
  3455 | D:5      | Noticed Duvessa
  3458 | D:5      | Found a shattered altar of Ashenzari.
  3471 | D:5      | Noticed Dowan
  3472 | D:5      | HP: 1/63 [Duvessa/+0 short sword (10)]
  3480 | D:5      | Killed Dowan
  3519 | D:5      | Killed Duvessa
  3722 | D:5      | Found Erotighiph's Weapon Shop.
  3818 | D:5      | Noticed Menkaure
  3830 | D:5      | Killed Menkaure
  3976 | D:5      | Found a glowing golden altar of the Shining One.
  4092 | D:5      | Noticed Edmund
  4109 | D:5      | Killed Edmund
  4130 | D:5      | Reached ** piety under Elyvilon
  4372 | D:5      | Noticed Eustachio
  4420 | D:5      | Killed Eustachio
  4421 | D:5      | Reached XP level 9. HP: 19/69 MP: 9/18
  4876 | D:6      | Noticed Prince Ribbit
  4886 | D:6      | Killed Prince Ribbit
  5020 | D:6      | Noticed a two-headed ogre
  5286 | D:6      | Reached skill level 5 in Armour
  5370 | D:7      | Found a staircase to the Ecumenical Temple.
  5453 | D:7      | Noticed a two-headed ogre
  5650 | D:6      | Reached skill level 5 in Invocations
  6060 | D:6      | Found an ornate altar of the Wu Jian Council.
  6122 | D:6      | Reached XP level 10. HP: 61/76 MP: 20/20
  6171 | D:6      | Found a glowing silver altar of Zin.
  6176 | D:6      | Learned a level 3 spell: Spectral Weapon
  6218 | D:6      | Reached *** piety under Elyvilon
  7740 | D:5      | Bought the cursed +0 shortbow "Ydyvud" {venom, rElec MR+
                  | Str+4 Dex-2} for 366 gold pieces
  7838 | D:5      | Killed a two-headed ogre
  7839 | D:5      | Reached skill level 5 in Short Blades
  7839 | D:5      | Reached skill level 5 in Long Blades
  7839 | D:5      | Reached skill level 5 in Maces & Flails
  7839 | D:5      | Reached skill level 5 in Polearms
  7839 | D:5      | Reached skill level 5 in Staves
  7839 | D:5      | Reached skill level 5 in Slings
  7839 | D:5      | Reached skill level 5 in Bows
  7839 | D:5      | Reached skill level 5 in Crossbows
  7839 | D:5      | Reached skill level 5 in Throwing
  7839 | D:5      | Reached skill level 5 in Stealth
  7839 | D:5      | Reached skill level 5 in Shields
  7839 | D:5      | Reached skill level 5 in Unarmed Combat
  7839 | D:5      | Reached skill level 5 in Evocations
  8022 | D:6      | Killed a two-headed ogre
  8302 | D:7      | Noticed a kobold demonologist
  8308 | D:7      | Killed a kobold demonologist
  8773 | D:7      | Found a basalt altar of Yredelemnul.
  9345 | D:8      | Noticed a centaur warrior
  9358 | D:8      | Reached XP level 11. HP: 39/83 MP: 19/22
  9359 | D:8      | Killed a centaur warrior
  9566 | D:8      | Found a staircase to the Lair.
  9596 | D:8      | Reached **** piety under Elyvilon
  9862 | D:8      | Reached skill level 5 in Conjurations
  9862 | D:8      | Reached skill level 5 in Hexes
  9862 | D:8      | Reached skill level 5 in Summonings
  9862 | D:8      | Reached skill level 5 in Necromancy
  9862 | D:8      | Reached skill level 5 in Translocations
  9862 | D:8      | Reached skill level 5 in Transmutations
  9862 | D:8      | Reached skill level 5 in Fire Magic
  9862 | D:8      | Reached skill level 5 in Ice Magic
  9862 | D:8      | Reached skill level 5 in Air Magic
  9862 | D:8      | Reached skill level 5 in Earth Magic
  9862 | D:8      | Reached skill level 5 in Poison Magic
 10038 | D:8      | Found a staircase to the Orcish Mines.
 10460 | D:8      | Noticed Gastronok
 10582 | Lair:1   | Entered Level 1 of the Lair of Beasts
 11162 | Lair:1   | Found the +8 arc blade {discharge, rElec}
 11673 | Lair:2   | Noticed Nergalle
 11774 | Lair:2   | Reached XP level 12. HP: 93/93 MP: 24/24
 12460 | Lair:2   | Noticed Sonja
 12496 | Lair:2   | Killed Sonja
 13459 | Lair:3   | Reached ***** piety under Elyvilon
 13535 | Lair:2   | Learned a level 3 spell: Inner Flame
 14142 | Lair:3   | Found a hole to the Spider Nest.
 15351 | Lair:4   | Found a staircase to the Swamp.
 15351 | Lair:4   | Noticed Snorg
 15437 | Lair:3   | Learned a level 2 spell: Shackle
 15579 | Lair:3   | Killed Snorg
 15580 | Lair:3   | Reached XP level 13. HP: 101/101 MP: 26/26
 15613 | Lair:3   | Learned a level 4 spell: Summon Ice Beast
 15669 | Lair:4   | Killed Nergalle
 15692 | Lair:4   | Found a dark tunnel.
 15701 | Volcano  | Entered a volcano
 16708 | Lair:4   | Got a transparent medium shield
 18121 | Lair:4   | Got a scorched rapier
 18123 | Lair:4   | Identified the +5 rapier of the Unseen Realm {holy, rC++
                  | rN+++ MP-9 Dex-4} (You found it on level 4 of the Lair of
                  | Beasts)
 18129 | Lair:4   | Identified the +1 medium shield of the Blind Marksman
                  | {*Slow rN+ MR++ rCorr} (You found it on level 4 of the Lair
                  | of Beasts)
 18426 | Lair:5   | Found a staircase to the Elven Halls.
 18944 | Lair:5   | Noticed Josephine
 18972 | Lair:5   | Killed Josephine
 19062 | Lair:4   | Reached skill level 10 in Spellcasting
 19190 | Lair:5   | Reached XP level 14. HP: 78/109 MP: 28/28
 19383 | Lair:5   | Got a pitted pewter ring
 20036 | Lair:6   | Entered Level 6 of the Lair of Beasts
 20350 | Lair:6   | Reached skill level 10 in Fighting
 20350 | Lair:6   | Reached skill level 10 in Axes
 20350 | Lair:6   | Reached skill level 10 in Dodging
 20393 | Lair:5   | Learned a level 4 spell: Cause Fear
 21282 | Lair:6   | Reached skill level 10 in Invocations
 21732 | Lair:5   | Learned a level 4 spell: Throw Icicle
 22776 | Lair:6   | Learned a level 5 spell: Lee's Rapid Deconstruction
 23072 | D:8      | Killed Gastronok
 23073 | D:8      | Reached XP level 15. HP: 88/117 MP: 18/29
 23599 | D:8      | Identified the cursed ring of Arrival {Fire Int+3 Dex-3}
                  | (You found it on level 5 of the Lair of Beasts)
 23608 | Orc      | Entered the Orcish Mines
 23675 | Orc      | Found Orunekh's Armour Boutique.
 23675 | Orc      | Found Otrutur's Gadget Shop.
 23885 | Orc      | Found a roughly hewn altar of Beogh.
 24170 | Orc      | Reached skill level 10 in Armour
 24389 | Orc      | Found Jiqa's Magic Scroll Shop.
 24400 | Orc      | Found Orakeech's Distillery.
 24608 | Orc      | Found a viscous altar of Jiyva.
 24608 | Orc      | Found a staircase to the Slime Pits.
 24629 | Orc      | Found Zokkef's Antique Armour Emporium.
 25394 | Orc      | Reached skill level 10 in Charms
 25648 | Orc      | Reached skill level 10 in Short Blades
 25648 | Orc      | Reached skill level 10 in Long Blades
 25648 | Orc      | Reached skill level 10 in Maces & Flails
 25648 | Orc      | Reached skill level 10 in Polearms
 25648 | Orc      | Reached skill level 10 in Staves
 25648 | Orc      | Reached skill level 10 in Slings
 25648 | Orc      | Reached skill level 10 in Bows
 25648 | Orc      | Reached skill level 10 in Crossbows
 25648 | Orc      | Reached skill level 10 in Throwing
 25648 | Orc      | Reached skill level 10 in Stealth
 25648 | Orc      | Reached skill level 10 in Shields
 25648 | Orc      | Reached skill level 10 in Unarmed Combat
 25648 | Orc      | Reached skill level 10 in Evocations
 25788 | Orc      | Found Kouqokk's Antique Armour Shoppe.
 25788 | Orc      | Found a one-way gate leading to the halls of Pandemonium.
 25788 | Orc      | Found Urefutyz's Gadget Emporium.
 26040 | Orc      | Bought the -2 hat of the Alchemist {rElec rPois rF+ rC+ rN+
                  | MR+ rMut rCorr} for 1416 gold pieces
 26040 | Orc      | Found the -2 hat of the Alchemist {rElec rPois rF+ rC+ rN+
                  | MR+ rMut rCorr}
 26342 | D:9      | Found a white marble altar of Elyvilon.
 27431 | D:10     | Entered Level 10 of the Dungeon
 27447 | D:10     | Found Xenim's Assorted Antiques.
 27555 | D:10     | Found Pousieneso's Food Emporium.
 28029 | D:10     | Reached ****** piety under Elyvilon
 28082 | D:10     | Found Madghis's Weapon Shoppe.
 28344 | D:10     | Found Dopitih's Magic Scroll Shoppe.
 28361 | D:10     | Bought a scroll of noise for 13 gold pieces
 28599 | D:11     | Reached XP level 16. HP: 118/125 MP: 12/31
 29108 | D:11     | Found Maturch's Distillery.
 29603 | D:11     | Reached XP level 17. HP: 131/131 MP: 32/32
 29742 | D:11     | Bought a potion of might for 56 gold pieces
 29742 | D:11     | Bought a potion of curing for 35 gold pieces
 29742 | D:11     | Bought a potion of might for 56 gold pieces
 29742 | D:11     | Bought 2 potions of lignification for 84 gold pieces
 29748 | D:11     | Got a shimmering ring mail
 29948 | D:12     | Entered Level 12 of the Dungeon
 29965 | D:12     | Identified the +1 leather armour of the Gate {rN+ MR+}
 30389 | D:12     | Found a gate to the Vaults.
 31092 | D:12     | Found a staircase to the Depths.
 32156 | D:12     | Found a portal to a secret trove of treasure.
 32527 | D:12     | You paid a toll of a +5 demon whip to enter a treasure
                  | trove
 32528 | Trove    | Entered a treasure trove
 32530 | Trove    | Found a bloodstained altar of Trog.
 32546 | Trove    | Got a slimy dire flail
 32583 | Trove    | Got a transparent dagger
 32599 | Trove    | Identified the +7 dire flail of the Living Dead {crush,
                  | +Inv rElec rN+ Int-2} (You found it in a treasure trove)
 32612 | Trove    | Got a bloodstained triple crossbow
 32618 | Trove    | Got a glimmering bardiche
 32632 | D:12     | Identified the cursed +1 dagger "Owiqauj" {venom, rC+} (You
                  | found it in a treasure trove)
 32641 | D:12     | Identified the +6 triple crossbow of Anuclis {velocity,
                  | rF++ Dex-5} (You found it in a treasure trove)
 32643 | D:12     | Identified the +4 bardiche of Disaster {speed, *Drain rElec
                  | Int+2} (You found it in a treasure trove)
 32657 | D:12     | Identified the +7 ring mail of Fedhas's Generosity {rF- rN+
                  | MR++ Dex-4 Stlth+} (You found it on level 11 of the
                  | Dungeon)
 32769 | D:10     | Bought 2 scrolls of identify for 52 gold pieces
 32769 | D:10     | Bought a scroll of identify for 26 gold pieces
 32769 | D:10     | Identified a scroll of acquirement
 32770 | D:10     | Identified the +5 shortbow of Green Gallantry {flame,
                  | Str+2} (You acquired it on level 10 of the Dungeon)
 32770 | D:10     | Identified the Guide on Toxic Flames (You acquired it on
                  | level 10 of the Dungeon)
 32771 | D:10     | Found the +2 pair of boots of the Assassin {Detection Stab+
                  | Stlth++}
 32938 | Swamp:1  | Entered Level 1 of the Swamp
 33038 | Lair:4   | Learned a level 5 spell: Summon Lightning Spire
 35886 | Swamp:3  | Entered Level 3 of the Swamp
 36704 | Swamp:3  | Reached XP level 18. HP: 130/140 MP: 34/34
 36719 | Swamp:3  | Noticed Kirke
 36922 | Swamp:3  | Killed Kirke
 37464 | Swamp:3  | Noticed a bone dragon
 37496 | Swamp:3  | Killed a bone dragon
 37929 | Swamp:3  | Learned a level 1 spell: Apportation
 37934 | Swamp:3  | Got a decaying rune of Zot
 38127 | Spider:1 | Entered Level 1 of the Spider Nest
 38296 | D:4      | Bought 151 arrows for 211 gold pieces
 38689 | Spider:1 | Found a frozen archway.
 38716 | IceCv    | Entered an ice cave
 39884 | Spider:1 | Reached skill level 10 in Conjurations
 39884 | Spider:1 | Reached skill level 10 in Hexes
 39884 | Spider:1 | Reached skill level 10 in Summonings
 39884 | Spider:1 | Reached skill level 10 in Necromancy
 39884 | Spider:1 | Reached skill level 10 in Translocations
 39884 | Spider:1 | Reached skill level 10 in Transmutations
 39884 | Spider:1 | Reached skill level 10 in Fire Magic
 39884 | Spider:1 | Reached skill level 10 in Ice Magic
 39884 | Spider:1 | Reached skill level 10 in Air Magic
 39884 | Spider:1 | Reached skill level 10 in Earth Magic
 39884 | Spider:1 | Reached skill level 10 in Poison Magic
 42336 | Spider:2 | Noticed Roxanne
 42837 | Spider:2 | Killed Roxanne
 42838 | Spider:2 | Identified Roxanne's Grimoire of Transformation (You took
                  | it off Roxanne on level 2 of the Spider Nest)
 43032 | Spider:3 | Entered Level 3 of the Spider Nest
 43212 | Spider:3 | Noticed Asterion
 43555 | Vaults:1 | Entered Level 1 of the Vaults
 43671 | Vaults:1 | Reached XP level 19. HP: 89/148 MP: 17/35
 44027 | Vaults:1 | HP: 3/148 [something (18)]
 45670 | Vaults:1 | Identified the cursed +0 hunting sling of the Grave {venom,
                  | +Fly rF++ Str+2 Stlth-}
 45886 | Vaults:1 | Found a staircase to the Crypt.
 46124 | Vaults:2 | Found Peugg's Book Shoppe.
 47108 | Vaults:2 | Found Mura's Armour Emporium.
 47474 | Vaults:2 | Found Wobli's Distillery.
 47497 | Vaults:2 | Found Wumyrgh's General Store.
 47501 | Vaults:2 | Reached XP level 20. HP: 89/156 MP: 4/37
 48524 | Vaults:2 | Found a runed translucent door.
 48525 | Vaults:2 | Noticed eruonna's ghost (veteran HOBe)
 48549 | Vaults:2 | Bought a potion of curing for 40 gold pieces
 48549 | Vaults:2 | Bought a potion of curing for 40 gold pieces
 48553 | Vaults:2 | Found Dasywn's Food Emporium.
 49589 | Vaults:2 | Killed eruonna's ghost
 49877 | D:10     | Bought a scroll of enchant weapon for 97 gold pieces
 49877 | D:10     | Bought a scroll of enchant weapon for 97 gold pieces
 49877 | D:10     | Bought a scroll of enchant weapon for 97 gold pieces
 49889 | D:10     | Learned a level 6 spell: Statue Form
 50059 | Elf:1    | Entered Level 1 of the Elven Halls
 51854 | Elf:2    | Noticed Agnes
 51859 | Elf:2    | Killed Agnes
 52474 | Elf:2    | Found a runed gate.
 52475 | Elf:2    | Found a runed gate.
 52475 | Elf:2    | Found a runed gate.
 52768 | Elf:2    | Reached XP level 21. HP: 149/164 MP: 28/39
 53231 | Elf:2    | Noticed Louise
 53251 | Elf:2    | Pacified Louise
 54280 | Spider:3 | Killed Asterion
 55455 | Spider:3 | Got a gossamer rune of Zot
 55753 | Depths:1 | Entered Level 1 of the Depths
 56063 | Depths:1 | Found a gateway to Hell.
 56192 | Depths:1 | Identified the +3 faerie dragon scales {rN+ rCorr Int-2
                  | Stlth+}
 56192 | Depths:1 | Noticed the Enchantress
 56193 | Depths:1 | Pacified the Enchantress
 56696 | Depths:1 | Noticed a juggernaut
 56712 | Depths:1 | Learned a level 7 spell: Orb of Destruction
 56763 | Depths:1 | Killed a juggernaut
 56899 | Depths:1 | Reached skill level 15 in Invocations
 56899 | Depths:1 | Reached XP level 22. HP: 128/173 MP: 37/40
 57584 | Depths:1 | Found Qaexack's Mass Market.
 57815 | Depths:1 | Noticed an ancient lich
 57833 | Depths:1 | Killed an ancient lich
 57999 | Depths:1 | Identified the +6 long sword of Demonkind {freeze, rC-
                  | Str+10 Dex+6 Stlth-}
 58801 | Depths:2 | Learned a level 5 spell: Metabolic Englaciation
 58810 | Depths:2 | Learned a level 5 spell: Irradiate
 58934 | Depths:2 | Noticed a juggernaut
 59547 | Crypt:1  | Entered Level 1 of the Crypt
 60666 | Crypt:1  | Reached skill level 15 in Spellcasting
 60910 | Crypt:1  | Identified the Incunabulum of Darkness
 61265 | Crypt:1  | Reached skill level 15 in Fighting
 61265 | Crypt:1  | Reached skill level 15 in Axes
 61265 | Crypt:1  | Reached skill level 15 in Dodging
 61465 | Crypt:2  | Entered Level 2 of the Crypt
 61619 | Crypt:2  | Noticed a greater mummy
 61849 | Crypt:2  | Noticed Khufu
 61951 | Crypt:2  | Identified the ring of the Tick {Fire rElec}
 62021 | Crypt:2  | Found a staircase to the Tomb.
 62179 | Crypt:2  | Identified the cursed amulet of Huamik {Inacc Str+4}
 62188 | Crypt:2  | Noticed a curse toe
 62328 | Crypt:2  | Reached XP level 23. HP: 176/181 MP: 42/42
 63369 | D:10     | Bought a scroll of teleportation for 39 gold pieces
 63457 | Orc      | Bought 3 scrolls of revelation for 120 gold pieces
 63457 | Orc      | Bought a scroll of teleportation for 30 gold pieces
 63457 | Orc      | Bought a scroll of teleportation for 30 gold pieces
 63457 | Orc      | Bought a scroll of teleportation for 30 gold pieces
 63457 | Orc      | Bought 3 scrolls of blinking for 225 gold pieces
 63457 | Orc      | Bought a scroll of revelation for 40 gold pieces
 63820 | Elf:3    | Entered Level 3 of the Elven Halls
 64612 | Elf:3    | Identified the cursed +1 trident "Muygakhi" {speed, +Inv}
 64612 | Elf:3    | Identified the cursed +1 plate armour of Plasticity {rC-
                  | Dex+6}
 65089 | Elf:3    | Identified the ring of Veonuetu {rN+ Str+2}
 65176 | Elf:3    | Identified the ring "Onioll" {Int+3 Stlth--}
 65277 | Elf:3    | Identified the +6 ring mail "Zuicegg" {+Blink Int+5}
 65421 | Elf:3    | Reached skill level 15 in Armour
 65609 | Elf:3    | Cast into level 1 of the Abyss (a deep elf demonologist)
 66280 | Elf:3    | Escaped the Abyss
 66634 | Elf:3    | Reached skill level 15 in Short Blades
 66634 | Elf:3    | Reached skill level 15 in Long Blades
 66634 | Elf:3    | Reached skill level 15 in Maces & Flails
 66634 | Elf:3    | Reached skill level 15 in Polearms
 66634 | Elf:3    | Reached skill level 15 in Staves
 66634 | Elf:3    | Reached skill level 15 in Slings
 66634 | Elf:3    | Reached skill level 15 in Bows
 66634 | Elf:3    | Reached skill level 15 in Crossbows
 66634 | Elf:3    | Reached skill level 15 in Throwing
 66634 | Elf:3    | Reached skill level 15 in Stealth
 66634 | Elf:3    | Reached skill level 15 in Shields
 66634 | Elf:3    | Reached skill level 15 in Unarmed Combat
 66634 | Elf:3    | Reached skill level 15 in Evocations
 66837 | Elf:3    | Identified Pejirgh's Volume of the Torrid Frostbite
 66839 | Elf:3    | Identified the +0 ring mail "Tireonio" {rPois SInv}
 66883 | Elf:3    | Identified a +0 pair of boots of running
 66892 | Elf:3    | Identified the amulet of Zaqiplig {Inacc +Blink rN+}
 66905 | Elf:3    | Learned a level 6 spell: Iron Shot
 67273 | Slime:1  | Entered Level 1 of the Pits of Slime
 67489 | Slime:1  | Found a viscous altar of Jiyva.
 67822 | Slime:1  | Reached XP level 24. HP: 133/189 MP: 23/42
 71968 | Slime:5  | Entered Level 5 of the Pits of Slime
 72415 | Slime:5  | Noticed the Royal Jelly
 72491 | Slime:5  | Found a viscous altar of Jiyva.
 72612 | Slime:5  | Killed the Royal Jelly
 72644 | Slime:5  | Identified the +5 ring mail "Soarch" {rN+}
 72718 | Slime:5  | Identified the +5 spear of the Endless March {vamp, *Drain
                  | rPois Str+2 Int+5}
 72734 | Slime:5  | Identified the +2 robe "Pomiekeu" {*Contam MR+ rCorr}
 72741 | Slime:5  | Identified the ring "Zeuthrann" {Wiz rF- MR+ Str+3 Int+3}
 72743 | Slime:5  | Got a slimy rune of Zot
 73650 | Depths:2 | Killed a juggernaut
 73823 | Depths:2 | Reached XP level 25. HP: 115/197 MP: 1/43
 74126 | Depths:2 | Found a one-way gate to the infinite horrors of the Abyss.
 74160 | Depths:2 | Noticed a Killer Klown
 74171 | Depths:2 | Pacified a Killer Klown
 76330 | Depths:3 | Noticed Mennas
 77028 | Depths:3 | Found a gateway to a ziggurat.
 78016 | Depths:3 | Identified the +6 broad axe of Experimentation {flame,
                  | *Contam *Noise MR+++ Stlth+}
 78074 | Depths:3 | Pacified Mennas
 78466 | Depths:3 | Noticed a golden dragon
 78475 | Depths:3 | Killed a golden dragon
 78922 | Depths:4 | Reached XP level 26. HP: 206/206 MP: 43/43
 78937 | Depths:4 | Noticed a golden dragon
 78954 | Depths:4 | Pacified a golden dragon
 79371 | Depths:4 | Identified the +12 arbalest "Eluicrih" {penet, *Contam
                  | rF+++ rC+ Dex+3}
 79371 | Depths:4 | Noticed Saint Roka
 79401 | Depths:4 | Killed Saint Roka
 80817 | Depths:4 | Reached skill level 15 in Charms
 81138 | Depths:4 | Identified the Handbook of Flight
 81141 | Depths:4 | Identified the Almanac of Weightlessness
 81521 | Depths:4 | Learned a level 5 spell: Bolt of Magma
 81528 | Depths:4 | Learned a level 6 spell: Deflect Missiles
 81546 | Depths:4 | Learned a level 8 spell: Ignition
 81547 | Depths:5 | Entered Level 5 of the Depths
 81962 | Depths:5 | Noticed a juggernaut
 82050 | Depths:5 | Killed a juggernaut
 83620 | Depths:5 | Found a gate to the Realm of Zot.
 83792 | Zot:1    | Entered Level 1 of the Realm of Zot
 84371 | Zot:1    | Found a runed door.
 84388 | Zot:1    | Found a runed door.
 84390 | Zot:1    | Found a runed door.
 84392 | Zot:1    | Found a runed door.
 84470 | Zot:1    | Found a runed door.
 84470 | Zot:1    | Found a runed door.
 84720 | Zot:1    | Reached XP level 27. HP: 168/213 MP: 2/44
 84873 | Zot:1    | Identified the Catalogue of Enchantment and Companions
 85339 | Zot:1    | Noticed a golden dragon
 85355 | Zot:1    | Killed a golden dragon
 85431 | Zot:1    | Found a runed door.
 85437 | Zot:1    | Found a runed door.
 85442 | Zot:1    | Found a runed door.
 85609 | Zot:1    | Found a runed door.
 86106 | D:10     | Bought a wand of charming (7) for 135 gold pieces
 86106 | D:10     | Bought a wand of iceblast (6) for 202 gold pieces
 86106 | D:10     | Bought a transparent leather armour for 189 gold pieces
 86106 | D:10     | Identified the cursed +1 leather armour "Selurodi" {+Blink
                  | rC- rN+} (You bought it in a shop on level 10 of the
                  | Dungeon)
 86106 | D:10     | Bought a scorched helmet for 256 gold pieces
 86106 | D:10     | Identified the +2 helmet of Noughts and Crosses {Str+2}
                  | (You bought it in a shop on level 10 of the Dungeon)
 86106 | D:10     | Bought a potion of brilliance for 108 gold pieces
 86106 | D:10     | Bought a scroll of revelation for 108 gold pieces
 86192 | Orc      | Bought a wand of iceblast (10) for 198 gold pieces
 86192 | Orc      | Bought a wand of clouds (6) for 252 gold pieces
 86192 | Orc      | Bought a wand of charming (6) for 84 gold pieces
 86192 | Orc      | Bought a wand of polymorph (8) for 43 gold pieces
 86192 | Orc      | Bought a wand of polymorph (10) for 52 gold pieces
 86192 | Orc      | Bought a box of beasts for 240 gold pieces
 86254 | Orc      | Bought a wand of scattershot (5) for 270 gold pieces
 86254 | Orc      | Bought a wand of clouds (3) for 180 gold pieces
 87953 | Zot:2    | Noticed a golden dragon
 87996 | Zot:2    | Killed a golden dragon
 88215 | Zot:3    | Noticed a golden dragon
 88215 | Zot:3    | Noticed an orb of fire
 88228 | Zot:3    | Noticed Kyjalyob's ghost (legendary DsBe)
 88399 | Zot:3    | Identified the cursed +0 chain mail of Ashenzari's Fury
                  | {rN+ Str+6}
 88455 | Zot:3    | Gained mutation: Your magical capacity is low. (-10% MP)
                  | [an orb of fire]
 88482 | Zot:3    | Noticed a Killer Klown
 88482 | Zot:3    | Noticed an orb of fire
 88483 | Zot:3    | Gained mutation: You are weak. (Str -2) [an orb of fire]
 88484 | Zot:3    | Killed an orb of fire
 88487 | Zot:3    | Pacified a golden dragon
 88494 | Zot:3    | Noticed a golden dragon
 88495 | Zot:3    | Pacified a golden dragon
 88517 | Zot:3    | Killed a golden dragon
 88519 | Zot:3    | Reached skill level 15 in Conjurations
 88519 | Zot:3    | Reached skill level 15 in Hexes
 88519 | Zot:3    | Reached skill level 15 in Summonings
 88519 | Zot:3    | Reached skill level 15 in Necromancy
 88519 | Zot:3    | Reached skill level 15 in Translocations
 88519 | Zot:3    | Reached skill level 15 in Transmutations
 88519 | Zot:3    | Reached skill level 15 in Fire Magic
 88519 | Zot:3    | Reached skill level 15 in Ice Magic
 88519 | Zot:3    | Reached skill level 15 in Air Magic
 88519 | Zot:3    | Reached skill level 15 in Earth Magic
 88519 | Zot:3    | Reached skill level 15 in Poison Magic
 88520 | Zot:3    | Killed a golden dragon
 89360 | Zot:3    | Found a runed translucent gate.
 89360 | Zot:3    | Found a runed translucent gate.
 89360 | Zot:3    | Found a runed translucent gate.
 89553 | Zot:2    | Gained mutation: Your spells are a little easier to cast,
                  | but a little less powerful. [an orb of fire]
 89553 | Zot:2    | Killed an orb of fire
 89554 | Zot:2    | Lost mutation: You are weak. (Str -2) [potion of mutation]
 89554 | Zot:2    | Lost mutation: Your spells are a little easier to cast, but
                  | a little less powerful. [potion of mutation]
 89554 | Zot:2    | Lost mutation: Your magical capacity is low. (-10% MP)
                  | [potion of mutation]
 90116 | Zot:3    | Killed a Killer Klown
 91618 | Zot:4    | Noticed a golden dragon
 91628 | Zot:4    | Killed a golden dragon
 92423 | Zot:5    | Entered Level 5 of the Realm of Zot
 92424 | Zot:5    | Noticed quik's ghost (veteran TrMo)
 92424 | Zot:5    | Found an opulent altar of Gozag.
 92424 | Zot:5    | Found a runed translucent gate.
 92424 | Zot:5    | Found a runed translucent gate.
 92424 | Zot:5    | Found a runed translucent gate.
 92467 | Zot:5    | Noticed a golden dragon
 92471 | Zot:5    | Pacified a golden dragon
 93172 | Zot:5    | Noticed an ancient lich
 93232 | Zot:5    | Noticed an ancient lich
 93361 | Zot:5    | Killed an ancient lich
 93460 | Zot:5    | Found Comuaxt's Assorted Antiques.
 93546 | Zot:5    | Noticed an orb of fire
 93572 | Zot:5    | Killed an ancient lich
 93588 | Zot:5    | Killed an orb of fire
 93710 | Zot:5    | Noticed an ancient lich
 94213 | Zot:5    | Killed an ancient lich
 94248 | Zot:5    | Noticed an orb of fire
 94261 | Zot:5    | Killed an orb of fire
 94355 | Zot:5    | Noticed an orb of fire
 94366 | Zot:5    | Killed an orb of fire
 94574 | Zot:5    | Noticed an orb of fire
 94597 | Zot:5    | Killed an orb of fire
 94680 | Zot:5    | Noticed an ancient lich
 94708 | Zot:5    | Killed an ancient lich
 94860 | Zot:5    | Noticed a Killer Klown
 94860 | Zot:5    | Noticed an ancient lich
 94883 | Zot:5    | Killed an ancient lich
 94938 | Zot:5    | Noticed an ancient lich
 94952 | Zot:5    | Killed an ancient lich
 94967 | Zot:5    | Killed a Killer Klown
 95513 | Zot:5    | Noticed an ancient lich
 95519 | Zot:5    | Killed an ancient lich
 95718 | Zot:5    | Noticed an orb of fire
 95738 | Zot:5    | Gained mutation: You tend to lose your temper in combat.
                  | [an orb of fire]
 95821 | Zot:5    | Killed an orb of fire
 95889 | Zot:5    | Lost mutation: You tend to lose your temper in combat.
                  | [potion of mutation]
 95889 | Zot:5    | Gained mutation: You are resistant to hostile enchantments.
                  | (MR+) [potion of mutation]
 95924 | Zot:5    | Noticed an ancient lich
 95929 | Zot:5    | Killed an ancient lich
 95969 | Zot:5    | Noticed a Killer Klown
 95978 | Zot:5    | Killed a Killer Klown
 96422 | Zot:5    | Got the Orb of Zot
 96779 | Depths:1 | Noticed Zarrunn the pandemonium lord
 97064 | D:$      | Escaped with the Orb!

Skill      XL: |  1  2  3  4  5  6  7  8  9 10 11 12 13 14 15 16 17 18 19 20 21 22 23 24 25 26 27 |
---------------+----------------------------------------------------------------------------------+-----
Short Blades   | 1 2 3 4 5 6 7 8 9 10 11 12 13 14 15 16 18 | 18.8
Long Blades    | 1 2 3 4 5 6 7 8 9 10 11 12 13 14 15 16 18 | 18.8
Maces & Flails | 1 2 3 4 5 6 7 8 9 10 11 12 13 14 15 16 18 | 18.8
Polearms       | 1 2 3 4 5 6 7 8 9 10 11 12 13 14 15 16 18 | 18.8
Staves         | 1 2 3 4 5 6 7 8 9 10 11 12 13 14 15 16 17 18 21 | 21.6
Slings         | 1 2 3 4 5 6 7 8 9 10 11 12 13 14 15 16 18 | 18.8
Bows           | 1 2 3 4 5 6 7 8 9 10 11 12 13 14 15 16 18 | 18.8
Crossbows      | 1 2 3 4 5 6 7 8 9 10 11 12 13 14 15 16 17 21 | 21.3
Throwing       | 1 2 3 4 5 6 7 8 9 10 11 12 13 14 15 16 18 | 18.8
Stealth        | 1 2 3 4 5 6 7 8 9 10 11 12 13 14 15 16 18 | 18.8
Shields        | 1 2 3 4 5 6 7 8 9 10 11 12 13 14 15 16 18 | 18.8
Unarmed Combat | 1 2 3 4 5 6 7 8 9 10 11 12 13 14 15 16 18 | 18.8
Spellcasting   | 5 6 7 8 9 10 11 12 13 14 15 16 17 19 | 19.2
Conjurations   | 1 2 3 4 5 6 7 8 9 10 11 12 13 14 16 | 16.2
Hexes          | 1 2 3 4 5 6 7 8 9 10 11 12 13 14 16 | 16.2
Summonings     | 1 2 3 4 5 6 7 8 9 10 11 12 13 14 16 | 16.2
Necromancy     | 1 2 3 4 5 6 7 8 9 10 11 12 13 14 16 | 16.2
Translocations | 1 2 3 4 5 6 7 8 9 10 11 12 13 14 16 | 16.2
Transmutations | 1 2 3 4 5 6 7 8 9 10 11 12 13 14 16 | 16.2
Fire Magic     | 1 2 3 4 5 6 7 8 9 10 11 12 13 14 16 | 16.2
Ice Magic      | 1 2 3 4 5 6 7 8 9 10 11 12 13 14 16 | 16.2
Air Magic      | 1 2 3 4 5 6 7 8 9 10 11 12 13 14 16 | 16.2
Earth Magic    | 1 2 3 4 5 6 7 8 9 10 11 12 13 14 16 | 16.2
Poison Magic   | 1 2 3 4 5 6 7 8 9 10 11 12 13 14 16 | 16.2
Invocations    | 1 2 3 4 5 6 7 8 9 10 11 12 13 14 15 16 17 18 20 | 20.2
Evocations     | 1 2 3 4 5 6 7 8 9 10 11 12 13 14 15 16 18 | 18.8
Armour         | 3 4 5 6 7 8 9 10 11 12 13 14 15 16 17 18 | 18.9
Fighting       | 5 6 7 8 9 10 11 12 13 14 15 16 17 19 | 19.2
Axes           | 5 6 7 8 9 10 11 12 13 14 15 16 17 19 | 19.2
Dodging        | 5 6 7 8 9 10 11 12 13 14 15 16 17 19 | 19.2
Charms         | 6 7 8 9 10 11 12 13 14 15 16 | 16.9

Action                   |  1- 3 |  4- 6 |  7- 9 | 10-12 | 13-15 | 16-18 | 19-21 | 22-24 | 25-27 || total
-------------------------+-------+-------+-------+-------+-------+-------+-------+-------+-------++-------
Melee: War axe           |    27 |   118 |   344 |       |       |       |       |       |       ||   489
       Bite              |     1 |     5 |    31 |    12 |    59 |   122 |   117 |   160 |   181 ||   688
       Trident           |       |       |    50 |    94 |    52 |     6 |       |       |       ||   202
       Punch             |       |       |     3 |       |    29 |    10 |       |       |       ||    42
       Rapier            |       |       |       |     3 |   681 |   825 |   492 |       |       ||  2001
       Staff             |       |       |       |       |     5 |       |       |       |       ||     5
       Dagger            |       |       |       |       |       |   159 |    25 |       |       ||   184
       Double sword      |       |       |       |       |       |       |   368 |  1038 |  1206 ||  2612
 Fire: Shortbow          |       |       |       |   695 |   653 |    44 |       |       |       ||  1392
       Blowgun           |       |       |       |       |       |   145 |   122 |     2 |    16 ||   285
Throw: Tomahawk          |    10 |    24 |     9 |       |       |       |       |       |       ||    43
 Cast: Infusion          |     9 |    15 |    12 |    12 |     6 |     3 |     1 |       |       ||    58
       Song of Slaying   |       |     1 |     6 |    11 |    11 |     2 |     1 |       |       ||    32
       Swiftness         |       |       |       |     2 |       |       |     1 |     4 |    11 ||    18
       Inner Flame       |       |       |       |     2 |     8 |       |       |       |       ||    10
       Shackle           |       |       |       |     1 |       |       |       |       |       ||     1
       Summon Ice Beast  |       |       |       |       |    13 |    18 |     9 |       |       ||    40
       Throw Icicle      |       |       |       |       |    22 |    26 |   129 |   216 |   177 ||   570
       Lee's Rapid Decon |       |       |       |       |    22 |    42 |   131 |   102 |    85 ||   382
       Cause Fear        |       |       |       |       |     3 |       |       |     3 |       ||     6
       Spectral Weapon   |       |       |       |       |       |    48 |    54 |    71 |    48 ||   221
       Summon Lightning  |       |       |       |       |       |    58 |    48 |    60 |    15 ||   181
       Ozocubu's Armour  |       |       |       |       |       |     5 |       |       |       ||     5
       Apportation       |       |       |       |       |       |     2 |       |       |     1 ||     3
       Orb of Destructio |       |       |       |       |       |       |     5 |     4 |   167 ||   176
       Statue Form       |       |       |       |       |       |       |     2 |     1 |    13 ||    16
       Iron Shot         |       |       |       |       |       |       |       |    29 |   276 ||   305
       Bolt of Magma     |       |       |       |       |       |       |       |       |   102 ||   102
       Metabolic Englaci |       |       |       |       |       |       |       |       |     9 ||     9
       Deflect Missiles  |       |       |       |       |       |       |       |       |     3 ||     3
Invok: Lesser Healing    |       |       |     1 |     4 |     6 |     3 |     5 |     4 |     4 ||    27
       Heal Other        |       |       |     1 |    15 |    48 |    11 |    21 |     6 |    26 ||   128
       Greater Healing   |       |       |       |     1 |       |       |     4 |     4 |     3 ||    12
 Abil: End Transformatio |       |       |       |       |       |       |     2 |     1 |    13 ||    16
Evoke: Wand              |       |       |     7 |    21 |    34 |    28 |    40 |    31 |    81 ||   242
       Lightning rod     |       |       |       |       |       |       |    25 |    10 |    15 ||    50
       Box of beasts     |       |       |       |       |       |       |     2 |       |     1 ||     3
       Sack of spiders   |       |       |       |       |       |       |       |     5 |     8 ||    13
       Phial of floods   |       |       |       |       |       |       |       |     3 |     4 ||     7
       Lamp of fire      |       |       |       |       |       |       |       |     1 |     9 ||    10
       Fan of gales      |       |       |       |       |       |       |       |       |     2 ||     2
  Use: Scroll            |       |     4 |     4 |    11 |    19 |    24 |    18 |    16 |    23 ||   119
       Potion            |       |       |     9 |     4 |     3 |     6 |    10 |     9 |    14 ||    55
 Stab: Sleeping          |       |     4 |     2 |     1 |    23 |    29 |    27 |    15 |    13 ||   114
       Distracted        |       |       |     1 |       |     3 |    24 |    27 |    31 |    31 ||   117
       Confused          |       |       |       |       |     1 |       |       |       |     4 ||     5
       Invisible         |       |       |       |       |       |    11 |     1 |     2 |     3 ||    17
       Paralysed         |       |       |       |       |       |       |       |       |     1 ||     1
  Eat: Chunk             |       |    11 |    21 |    36 |    65 |    38 |    44 |    15 |    41 ||   271
       Ration            |       |       |     1 |     6 |     3 |    13 |     9 |    21 |    28 ||    81
Armor: Leather armour    |     7 |    19 |    42 |       |    55 |    33 |       |       |       ||   156
       Skin              |       |       |    72 |       |       |       |    15 |     5 |    70 ||   162
       Ring mail         |       |       |    45 |    82 |   132 |   374 |   218 |   113 |    69 ||  1033
       Ice dragon scales |       |       |       |       |       |       |       |   170 |       ||   170
       Fire dragon scale |       |       |       |       |       |       |       |       |   225 ||   225
Dodge: Dodged            |    23 |    95 |   298 |   221 |   678 |   565 |   429 |   508 |   916 ||  3733
       Deflected         |       |       |       |       |       |       |       |       |    81 ||    81
Block: Other             |       |     1 |    13 |    29 |    21 |       |       |       |       ||    64
       Buckler           |       |       |       |       |     5 |   304 |   433 |   642 |  1015 ||  2399
       Reflection        |       |       |       |       |       |       |       |       |    52 ||    52
